Workbook

Sheet Dashboard
A1: CONTAS A PAGAR E RECEBER
A3: Indicador | B3: Valor | D3: Status | E3: Quantidade
A4: A receber em aberto | B4: =SUMIFS(Lancamentos!$G$2:$G$200,Lancamentos!$C$2:$C$200,"Receber",Lancamentos!$H$2:$H$200,"Pendente",Lancamentos!$I$2:$I$200,"<>Revisar dados") -> 3050 | D4: No prazo | E4: =COUNTIF(Lancamentos!$I$2:$I$200,"No prazo") -> 0
A5: A pagar em aberto | B5: =SUMIFS(Lancamentos!$G$2:$G$200,Lancamentos!$C$2:$C$200,"Pagar",Lancamentos!$H$2:$H$200,"Pendente",Lancamentos!$I$2:$I$200,"<>Revisar dados") -> 1150 | D5: Liquidado | E5: =COUNTIF(Lancamentos!$I$2:$I$200,"OK") -> 2
A6: Recebido | B6: =SUMIFS(Lancamentos!$G$2:$G$200,Lancamentos!$C$2:$C$200,"Receber",Lancamentos!$H$2:$H$200,"Pago/Recebido",Lancamentos!$I$2:$I$200,"<>Revisar dados") -> 950 | D6: Vencido | E6: =COUNTIF(Lancamentos!$I$2:$I$200,"Vencido") -> 4
A7: Pago | B7: =SUMIFS(Lancamentos!$G$2:$G$200,Lancamentos!$C$2:$C$200,"Pagar",Lancamentos!$H$2:$H$200,"Pago/Recebido",Lancamentos!$I$2:$I$200,"<>Revisar dados") -> 189.9 | D7: Cancelado | E7: =COUNTIF(Lancamentos!$I$2:$I$200,"Cancelado") -> 0
A8: Diferença em aberto | B8: =B4-B5 -> 1900 | D8: Revisar dados | E8: =COUNTIF(Lancamentos!$I$2:$I$200,"Revisar dados") -> 0
A10: COMO USAR
A12: 1 | B12: Cadastre contas a pagar e a receber na aba Lançamentos.
A13: 2 | B13: Informe vencimento, categoria, descrição e valor.
A14: 3 | B14: Atualize o status quando a conta for paga ou recebida.
A15: 4 | B15: Use a coluna Situação para identificar vencimentos automaticamente.
A16: 5 | B16: Diferença em aberto = receber pendente − pagar pendente; não é saldo bancário.
A18: Data de referência | B18: =TODAY() -> 46303
A19: Padrão = hoje. Pode informar uma data fixa para conferir os alertas.

Sheet Lancamentos
A1: ID | B1: Data | C1: Tipo | D1: Categoria | E1: Descrição | F1: Vencimento | G1: Valor | H1: Status | I1: Situação | J1: Observações
A2: 1 | B2: 46285 | C2: Receber | D2: Vendas | E2: Cliente Alpha | F2: 46288 | G2: 1850 | H2: Pendente | I2: =IF(COUNTA(A2:H2)=0,"",IF(OR(A2="",AND(C2<>"Pagar",C2<>"Receber"),NOT(ISNUMBER(F2)),F2<=0,NOT(ISNUMBER(G2)),G2<=0,AND(H2<>"Pendente",H2<>"Pago/Recebido",H2<>"Cancelado")),"Revisar dados",IF(H2="Cancelado","Cancelado",IF(H2="Pago/Recebido","OK",IF(F2<Dashboard!$B$18,"Vencido","No prazo"))))) -> Vencido
A3: 2 | B3: 46285 | C3: Pagar | D3: Fornecedores | E3: Fornecedor de materiais | F3: 46287 | G3: 720 | H3: Pendente | I3: =IF(COUNTA(A3:H3)=0,"",IF(OR(A3="",AND(C3<>"Pagar",C3<>"Receber"),NOT(ISNUMBER(F3)),F3<=0,NOT(ISNUMBER(G3)),G3<=0,AND(H3<>"Pendente",H3<>"Pago/Recebido",H3<>"Cancelado")),"Revisar dados",IF(H3="Cancelado","Cancelado",IF(H3="Pago/Recebido","OK",IF(F3<Dashboard!$B$18,"Vencido","No prazo"))))) -> Vencido
A4: 3 | B4: 46281 | C4: Receber | D4: Serviços | E4: Consultoria mensal | F4: 46284 | G4: 1200 | H4: Pendente | I4: =IF(COUNTA(A4:H4)=0,"",IF(OR(A4="",AND(C4<>"Pagar",C4<>"Receber"),NOT(ISNUMBER(F4)),F4<=0,NOT(ISNUMBER(G4)),G4<=0,AND(H4<>"Pendente",H4<>"Pago/Recebido",H4<>"Cancelado")),"Revisar dados",IF(H4="Cancelado","Cancelado",IF(H4="Pago/Recebido","OK",IF(F4<Dashboard!$B$18,"Vencido","No prazo"))))) -> Vencido | J4: Exemplo vencido.
A5: 4 | B5: 46280 | C5: Pagar | D5: Internet | E5: Plano empresarial | F5: 46283 | G5: 189.9 | H5: Pago/Recebido | I5: =IF(COUNTA(A5:H5)=0,"",IF(OR(A5="",AND(C5<>"Pagar",C5<>"Receber"),NOT(ISNUMBER(F5)),F5<=0,NOT(ISNUMBER(G5)),G5<=0,AND(H5<>"Pendente",H5<>"Pago/Recebido",H5<>"Cancelado")),"Revisar dados",IF(H5="Cancelado","Cancelado",IF(H5="Pago/Recebido","OK",IF(F5<Dashboard!$B$18,"Vencido","No prazo"))))) -> OK
A6: 5 | B6: 46282 | C6: Receber | D6: Vendas | E6: Cliente Beta | F6: 46284 | G6: 950 | H6: Pago/Recebido | I6: =IF(COUNTA(A6:H6)=0,"",IF(OR(A6="",AND(C6<>"Pagar",C6<>"Receber"),NOT(ISNUMBER(F6)),F6<=0,NOT(ISNUMBER(G6)),G6<=0,AND(H6<>"Pendente",H6<>"Pago/Recebido",H6<>"Cancelado")),"Revisar dados",IF(H6="Cancelado","Cancelado",IF(H6="Pago/Recebido","OK",IF(F6<Dashboard!$B$18,"Vencido","No prazo"))))) -> OK
A7: 6 | B7: 46285 | C7: Pagar | D7: Impostos | E7: Tributo mensal | F7: 46290 | G7: 430 | H7: Pendente | I7: =IF(COUNTA(A7:H7)=0,"",IF(OR(A7="",AND(C7<>"Pagar",C7<>"Receber"),NOT(ISNUMBER(F7)),F7<=0,NOT(ISNUMBER(G7)),G7<=0,AND(H7<>"Pendente",H7<>"Pago/Recebido",H7<>"Cancelado")),"Revisar dados",IF(H7="Cancelado","Cancelado",IF(H7="Pago/Recebido","OK",IF(F7<Dashboard!$B$18,"Vencido","No prazo"))))) -> Vencido
I8: =IF(COUNTA(A8:H8)=0,"",IF(OR(A8="",AND(C8<>"Pagar",C8<>"Receber"),NOT(ISNUMBER(F8)),F8<=0,NOT(ISNUMBER(G8)),G8<=0,AND(H8<>"Pendente",H8<>"Pago/Recebido",H8<>"Cancelado")),"Revisar dados",IF(H8="Cancelado","Cancelado",IF(H8="Pago/Recebido","OK",IF(F8<Dashboard!$B$18,"Vencido","No prazo")))))
I9: =IF(COUNTA(A9:H9)=0,"",IF(OR(A9="",AND(C9<>"Pagar",C9<>"Receber"),NOT(ISNUMBER(F9)),F9<=0,NOT(ISNUMBER(G9)),G9<=0,AND(H9<>"Pendente",H9<>"Pago/Recebido",H9<>"Cancelado")),"Revisar dados",IF(H9="Cancelado","Cancelado",IF(H9="Pago/Recebido","OK",IF(F9<Dashboard!$B$18,"Vencido","No prazo")))))
I10: =IF(COUNTA(A10:H10)=0,"",IF(OR(A10="",AND(C10<>"Pagar",C10<>"Receber"),NOT(ISNUMBER(F10)),F10<=0,NOT(ISNUMBER(G10)),G10<=0,AND(H10<>"Pendente",H10<>"Pago/Recebido",H10<>"Cancelado")),"Revisar dados",IF(H10="Cancelado","Cancelado",IF(H10="Pago/Recebido","OK",IF(F10<Dashboard!$B$18,"Vencido","No prazo")))))
I11: =IF(COUNTA(A11:H11)=0,"",IF(OR(A11="",AND(C11<>"Pagar",C11<>"Receber"),NOT(ISNUMBER(F11)),F11<=0,NOT(ISNUMBER(G11)),G11<=0,AND(H11<>"Pendente",H11<>"Pago/Recebido",H11<>"Cancelado")),"Revisar dados",IF(H11="Cancelado","Cancelado",IF(H11="Pago/Recebido","OK",IF(F11<Dashboard!$B$18,"Vencido","No prazo")))))
I12: =IF(COUNTA(A12:H12)=0,"",IF(OR(A12="",AND(C12<>"Pagar",C12<>"Receber"),NOT(ISNUMBER(F12)),F12<=0,NOT(ISNUMBER(G12)),G12<=0,AND(H12<>"Pendente",H12<>"Pago/Recebido",H12<>"Cancelado")),"Revisar dados",IF(H12="Cancelado","Cancelado",IF(H12="Pago/Recebido","OK",IF(F12<Dashboard!$B$18,"Vencido","No prazo")))))
I13: =IF(COUNTA(A13:H13)=0,"",IF(OR(A13="",AND(C13<>"Pagar",C13<>"Receber"),NOT(ISNUMBER(F13)),F13<=0,NOT(ISNUMBER(G13)),G13<=0,AND(H13<>"Pendente",H13<>"Pago/Recebido",H13<>"Cancelado")),"Revisar dados",IF(H13="Cancelado","Cancelado",IF(H13="Pago/Recebido","OK",IF(F13<Dashboard!$B$18,"Vencido","No prazo")))))
I14: =IF(COUNTA(A14:H14)=0,"",IF(OR(A14="",AND(C14<>"Pagar",C14<>"Receber"),NOT(ISNUMBER(F14)),F14<=0,NOT(ISNUMBER(G14)),G14<=0,AND(H14<>"Pendente",H14<>"Pago/Recebido",H14<>"Cancelado")),"Revisar dados",IF(H14="Cancelado","Cancelado",IF(H14="Pago/Recebido","OK",IF(F14<Dashboard!$B$18,"Vencido","No prazo")))))
I15: =IF(COUNTA(A15:H15)=0,"",IF(OR(A15="",AND(C15<>"Pagar",C15<>"Receber"),NOT(ISNUMBER(F15)),F15<=0,NOT(ISNUMBER(G15)),G15<=0,AND(H15<>"Pendente",H15<>"Pago/Recebido",H15<>"Cancelado")),"Revisar dados",IF(H15="Cancelado","Cancelado",IF(H15="Pago/Recebido","OK",IF(F15<Dashboard!$B$18,"Vencido","No prazo")))))
I16: =IF(COUNTA(A16:H16)=0,"",IF(OR(A16="",AND(C16<>"Pagar",C16<>"Receber"),NOT(ISNUMBER(F16)),F16<=0,NOT(ISNUMBER(G16)),G16<=0,AND(H16<>"Pendente",H16<>"Pago/Recebido",H16<>"Cancelado")),"Revisar dados",IF(H16="Cancelado","Cancelado",IF(H16="Pago/Recebido","OK",IF(F16<Dashboard!$B$18,"Vencido","No prazo")))))
I17: =IF(COUNTA(A17:H17)=0,"",IF(OR(A17="",AND(C17<>"Pagar",C17<>"Receber"),NOT(ISNUMBER(F17)),F17<=0,NOT(ISNUMBER(G17)),G17<=0,AND(H17<>"Pendente",H17<>"Pago/Recebido",H17<>"Cancelado")),"Revisar dados",IF(H17="Cancelado","Cancelado",IF(H17="Pago/Recebido","OK",IF(F17<Dashboard!$B$18,"Vencido","No prazo")))))
I18: =IF(COUNTA(A18:H18)=0,"",IF(OR(A18="",AND(C18<>"Pagar",C18<>"Receber"),NOT(ISNUMBER(F18)),F18<=0,NOT(ISNUMBER(G18)),G18<=0,AND(H18<>"Pendente",H18<>"Pago/Recebido",H18<>"Cancelado")),"Revisar dados",IF(H18="Cancelado","Cancelado",IF(H18="Pago/Recebido","OK",IF(F18<Dashboard!$B$18,"Vencido","No prazo")))))
I19: =IF(COUNTA(A19:H19)=0,"",IF(OR(A19="",AND(C19<>"Pagar",C19<>"Receber"),NOT(ISNUMBER(F19)),F19<=0,NOT(ISNUMBER(G19)),G19<=0,AND(H19<>"Pendente",H19<>"Pago/Recebido",H19<>"Cancelado")),"Revisar dados",IF(H19="Cancelado","Cancelado",IF(H19="Pago/Recebido","OK",IF(F19<Dashboard!$B$18,"Vencido","No prazo")))))
... I200: =IF(COUNTA(A200:H200)=0,"",IF(OR(A200="",AND(C200<>"Pagar",C200<>"Receber"),NOT(ISNUMBER(F200)),F200<=0,NOT(ISNUMBER(G200)),G200<=0,AND(H200<>"Pendente",H200<>"Pago/Recebido",H200<>"Cancelado")),"Revisar dados",IF(H200="Cancelado","Cancelado",IF(H200="Pago/Recebido","OK",IF(F200<Dashboard!$B$18,"Vencido","No prazo")))))

Sheet Instruções
A1: COMO USAR O CONTROLE FINANCEIRO
A3: Etapa | B3: O que fazer
A4: 1 | B4: Use as três abas Dashboard, Lancamentos e Instruções. Este arquivo não possui aging, fluxo mensal nem liquidações parciais.
A5: 2 | B5: Entradas: Lancamentos A:H e J, linhas 2 a 200 (199 contas). Cada ID identifica uma conta.
A6: 3 | B6: Escolha Tipo Pagar/Receber e Status Pendente/Pago/Recebido/Cancelado. Informe vencimento válido e valor positivo.
A7: 4 | B7: Automático: coluna I e indicadores/gráfico do Dashboard. Não substitua suas fórmulas por valores.
A8: 5 | B8: Data de referência: Dashboard B18 usa =TODAY(). Pode informar data fixa; restaure =TODAY() para atualizar diariamente.
A9: 6 | B9: Vencido: conta pendente antes da data de referência. Vencimento na própria data continua No prazo.
A10: 7 | B10: Revisar dados: falta ID/tipo/vencimento/valor/status válido. Corrija os campos; a linha não entra nos valores do painel.
A11: 8 | B11: Receber/pagar em aberto inclui somente pendentes válidos. Recebido/pago inclui somente liquidados válidos. Cancelados não compõem esses valores.
A12: 9 | B12: Diferença em aberto = receber pendente menos pagar pendente. Não inclui saldo bancário, datas de liquidação nem probabilidade de recebimento.
A13: 10 | B13: Liquidação integral: altere Status. Pagamento parcial não é suportado neste modelo; não marque liquidado antes da quitação.
A14: 11 | B14: O gráfico conta situações exclusivas, incluindo Revisar dados. Um vencido não é contado novamente como No prazo.
... A17: 14 | B17: Revise extratos e documentos. Proteção por senha não é necessária. Faça backup antes de alterar fórmulas. Revisão:08/10/2026.
